AoeStats
← º CAIKE

Migration

510025941Analyzed
1v1 RM · 4d ago on Sep 29, 2026· 18m 56s· 2 players
Game mode
Random Map
Map size
132×132
Population
200
Speed
Normal
Resources
Standard
Victory
Conquest
Starting age
Dark Age
Ending age
Imperial Age
RankedLock teamsTeams togetherTeam positionsShared explorationLock speedFull tech treeHidden civsTurbo modeCheats
Victory
Defeat
🇻🇪 Khmer · Venezuela
974
+15
958
-15
jochinmiriosbarrios
10:54 Feudal Age
13:10 Loom
16:08 Castle Age
15:39 Double-Bit Axe
17:22 Wheelbarrow
17:35 Bow Saw
º CAIKE
10:00 Loom
11:45 Feudal Age
16:48 Castle Age
15:49 Bloodlines
16:05 Fishing Lines
17:35 Husbandry
18:07 Forging
Connection lost

Rejoining the realm…

Still unreachable

The connection could not be restored.

Session expired

The server has moved on; the page needs a fresh start.